 Dungeon Crawl Stone Soup version 0.23-a0-484-g29ba69c (webtiles) character file.

5496 galech the Cleaver (level 10, -7/77 HPs)
             Began as a Demonspawn Fighter on Nov 30, 2018.
             Mangled by an orc warrior
             ... wielding a +0 battleaxe
              (17 damage)
             ... on level 9 of the Dungeon.
             The game lasted 00:15:13 (10078 turns).

galech the Cleaver (Demonspawn Fighter)            Turns: 10078, Time: 00:15:13

Health: -7/77      AC: 10    Str: 17    XL:     10   Next: 42%
Magic:  10/10      EV: 13    Int: 10    God:
Gold:   329        SH: 10    Dex: 15    Spells: 9/9 levels left

rFire    . . .     SeeInvis .   z - +3 war axe (flame)
rCold    + + .     Gourm    .   c - +0 shield
rNeg     . . .     Faith    .   x - +2 leather armour {rC+}
rPois    +         Spirit   .   E - +2 hat
rElec    .         Reflect  .   t - +0 cloak
rCorr    +         Harm     .   (no gloves)
MR       .....                  r - +0 pair of boots
Stlth    ++........             B - amulet of magic regeneration
HPRegen  0.22/turn              g - ring of resist corrosion
MPRegen  0.37/turn              m - ring of poison resistance

@: no status effects
A: talons 2, cold resistance 1, rot immunity, freezing cloud immunity
a: no special abilities


You were on level 9 of the Dungeon.
You were hungry.

You visited 2 branches of the dungeon, and saw 10 of its levels.
You also visited: Sewer.

You collected 472 gold pieces.
You spent 143 gold pieces at shops.

Inventory:

Hand Weapons
 z - a +3 war axe of flaming (weapon)
 F - a +2 war axe of venom
Armour
 c - a +0 shield (worn)
 r - a +0 pair of boots (worn)
 t - a +0 cloak (worn)
 x - a +2 leather armour of cold resistance (worn)
 E - a +2 hat (worn)
Jewellery
 g - a ring of resist corrosion (left hand)
 h - an uncursed ring of flight
 m - a ring of poison resistance (right hand)
 B - an amulet of magic regeneration (around neck)
Wands
 d - a wand of iceblast (7)
 A - a wand of acid (9)
 G - a wand of scattershot (9)
 H - a wand of digging (5)
Scrolls
 b - 6 scrolls of teleportation
 e - 3 scrolls of identify
 i - 3 scrolls of magic mapping
 j - 4 scrolls of fear
 l - 2 scrolls of fog
 o - a scroll of blinking
 s - 4 scrolls of remove curse
 u - 6 scrolls of amnesia
 y - 2 scrolls of enchant armour {unknown}
 I - a scroll of noise {unknown}
Potions
 a - a potion of lignification {unknown}
 k - 5 potions of curing {unknown}
 n - 2 potions of berserk rage {unknown}
 p - a potion of cancellation {unknown}
 q - a potion of heal wounds
 v - a potion of haste {unknown}
 w - 5 potions of flight
 C - a potion of brilliance {unknown}
 D - 3 potions of degeneration {unknown}
Comestibles
 f - 20 rations


   Skills:
 + Level 6.6 Fighting
 + Level 9.6 Axes
 + Level 4.7 Armour
 + Level 5.3 Dodging
 + Level 2.3 Stealth
 + Level 6.6 Shields


You had 9 spell levels left.
You didn't know any spells.
Your spell library contained the following spells:

 Spells                   Type           Power        Failure   Level  Hunger
 Freeze                   Ice            #...         80%         1    ##.....
 Shock                    Conj/Air       #...         80%         1    ##.....
 Sting                    Conj/Pois      #...         80%         1    ##.....
 Poisonous Vapours        Pois/Air       #.....       90%         2    ###....
 Swiftness                Chrm/Air       #.......     90%         2    ###....
 Throw Frost              Conj/Ice       #.....       90%         2    ###....
 Mephitic Cloud           Conj/Pois/Air  #.......     99%         3    ####...
 Ozocubu's Armour         Chrm/Ice       #.......     99%         3    ####...
 Static Discharge         Conj/Air       #.......     99%         3    ####...
 Airstrike                Air            #.........   100%        4    #####..
 Olgreb's Toxic Radiance  Pois           #.......     100%        4    #####..
 Summon Ice Beast         Ice/Summ       #.......     100%        4    #####..
 Throw Icicle             Conj/Ice       #.......     100%        4    #####..
 Lightning Bolt           Conj/Air       #.........   100%        5    ######.
 Venom Bolt               Conj/Pois      #.........   100%        5    ######.


Dungeon Overview and Level Annotations

Branches:
Dungeon (9/15)             Temple (1/1) D:4            Lair (0/6) D:9
    Orc: D:9-12

Altars:
Ashenzari
Cheibriados
Dithmenos
Elyvilon
Fedhas
Gozag
Hepliaklqana
Kikubaaqudgha
Makhleb
Nemelex Xobeh
Qazlal
Ru
Sif Muna
Trog
Uskayaw
Vehumet
Wu Jian
Xom
Yredelemnul
Zin
The Shining One

Shops:
D:5 (*=}!


Innate Abilities, Weirdness & Mutations

You have razor-sharp toenails.
Your flesh is cold resistant. (rC+)
You are immune to rotting.
You are immune to freezing clouds.


Message History

The orc warrior hits you with a +0 battleaxe!
The crimson imp blinks!
The yak gores you!
* * * LOW HITPOINT WARNING * * *
The yak closely misses you.
You hit the orc warrior. You burn the orc warrior.
The orc warrior is moderately wounded.
You hit the yak. You burn the yak. You hit the yak but do no damage.
You block the yak's attack. You block the orc warrior's attack.
The yak gores you!
* * * LOW HITPOINT WARNING * * *
You barely miss the orc warrior.
The orc warrior is moderately wounded.
You hit the yak but do no damage. You hit the yak. You burn the yak.
The yak barely misses you. x2; You block the orc warrior's attack.
You closely miss the orc warrior.
The orc warrior is moderately wounded.
Your shield prevents you from hitting the yak.
You slash the yak! You burn the yak. You block the yak's attack. x2
The orc warrior hits you with a +0 battleaxe!
You die...

#.........#
#.#...P P.. .
#.#########
#.#≈..P> ..
#.# #.#...PP.
. #.#
###...##..P
#.# #......
... #.# #.#
#.#### #.#
#....# #.#
####.######@##
#...>..YoY#
########YY#
#Y5# #.)#
#.... .......
##.......
.##....


You could see 5 yaks, an orc warrior and a crimson imp.

Vanquished Creatures
  Harold (D:7)
  A queen bee (D:8)
  Prince Ribbit (D:7)
  Sigmund (D:2)
  Eustachio (D:4)
  A hungry ghost (D:7)
  Edmund (D:4)
  3 water moccasins
  2 sky beasts (D:7)
  2 ice beasts
  A black bear (D:7)
  2 necrophages
  4 phantoms
  2 ogres
  A centaur (D:8)
  A big kobold (D:8)
  A bullfrog (D:7)
  3 scorpions
  12 killer bees
  3 crimson imps
  A bullfrog zombie (D:8)
  A quasit (D:8)
  2 jellies
  5 hounds
  4 orc priests
  Crazy Yiuf (D:7)
  A centaur skeleton (D:5)
  A gnoll shaman (D:6)
  2 orc wizards
  5 bullfrog skeletons
  An iguana (D:4)
  5 worker ants
  A hound zombie (D:5)
  Robin (D:2)
  2 worker ant zombies
  15 gnolls
  13 adders
  4 shadow imps
  6 oozes
  8 worms
  3 dart slugs
  8 leopard geckos
  24 orcs
  3 ball pythons
  17 bats
  2 giant cockroaches
  14 goblins
  11 hobgoblins
  15 jackals
  15 kobolds
  3 quokkas
  9 frilled lizards
  A jackal skeleton (D:4)
  2 leopard gecko skeletons
  12 rats
262 creatures vanquished.

Notes
Turn   | Place    | Note
-------+----------+-------------------------------------------
     0 | D:1      | galech the Demonspawn Fighter began the quest for the Orb.
     0 | D:1      | Reached XP level 1. HP: 18/18 MP: 1/1
   139 | D:1      | Gained mutation: Your flesh is cold resistant. (rC+)
                  | [demonic ancestry]
   139 | D:1      | Reached XP level 2. HP: 24/24 MP: 2/2
   267 | D:1      | Reached skill level 2 in Axes
   524 | D:1      | Gained mutation: You have sharp toenails. [demonic
                  | ancestry]
   524 | D:1      | Reached XP level 3. HP: 27/29 MP: 3/3
   540 | D:2      | Reached XP level 4. HP: 18/35 MP: 4/4
   864 | D:2      | Noticed Robin
   872 | D:2      | Reached skill level 1 in Dodging
   896 | D:2      | Killed Robin
  1173 | D:2      | Noticed Sigmund
  1186 | D:2      | Killed Sigmund
  1186 | D:2      | Reached skill level 3 in Axes
  1186 | D:2      | Reached XP level 5. HP: 12/42 MP: 5/5
  1191 | D:2      | Gained mutation: You are immune to rotting. [demonic
                  | ancestry]
  1191 | D:2      | Reached XP level 6. HP: 10/48 MP: 6/6
  1873 | D:2      | Found a white marble altar of Elyvilon.
  1873 | D:2      | Found a radiant altar of Vehumet.
  2041 | D:2      | Found a shattered altar of Ashenzari.
  2366 | D:3      | Reached skill level 4 in Axes
  2925 | D:3      | Found a basalt altar of Yredelemnul.
  2926 | D:3      | Found a blossoming altar of Fedhas.
  3156 | D:4      | Found a staircase to the Ecumenical Temple.
  3164 | Temple   | Entered the Ecumenical Temple
  3678 | D:4      | Gained mutation: You are immune to freezing clouds.
                  | [demonic ancestry]
  3678 | D:4      | Reached XP level 7. HP: 48/53 MP: 7/7
  4165 | D:4      | Reached skill level 5 in Axes
  4283 | D:4      | Noticed Eustachio
  4606 | D:4      | Killed Eustachio
  4759 | D:4      | Noticed Edmund
  4788 | D:4      | Killed Edmund
  4995 | D:5      | Entered Level 5 of the Dungeon
  5078 | D:5      | Found Ukkamiept's Antique Weapon Shoppe.
  5088 | D:5      | Found Neckella's General Store.
  5093 | D:5      | Bought a glowing war axe for 143 gold pieces
  5139 | D:5      | Found Paodeos's Jewellery Emporium.
  5156 | D:5      | Reached XP level 8. HP: 61/61 MP: 8/8
  5191 | D:5      | Found Yri Lu Lae's Distillery.
  5365 | D:5      | Found Cemnianiat's Gadget Emporium.
  5540 | D:5      | Reached skill level 5 in Shields
  5655 | D:6      | Reached skill level 6 in Axes
  5952 | D:6      | Found a glowing drain.
  5957 | Sewer    | Entered a sewer
  6986 | D:6      | Reached skill level 7 in Axes
  7144 | D:7      | Reached skill level 5 in Fighting
  7150 | D:7      | Reached skill level 1 in Stealth
  7219 | D:7      | Reached XP level 9. HP: 68/68 MP: 9/9
  7651 | D:7      | Found a deep blue altar of Sif Muna.
  7678 | D:7      | Noticed Prince Ribbit
  7685 | D:7      | Killed Prince Ribbit
  7685 | D:7      | Reached skill level 8 in Axes
  7718 | D:7      | Noticed Harold
  7736 | D:7      | Killed Harold
  8024 | D:7      | Reached skill level 9 in Axes
  8082 | D:7      | Found a runed door.
  8262 | D:7      | Noticed Crazy Yiuf
  8266 | D:7      | Killed Crazy Yiuf
  8328 | D:8      | Gained mutation: You have razor-sharp toenails. [demonic
                  | ancestry]
  8328 | D:8      | Reached XP level 10. HP: 67/77 MP: 10/10
  9285 | D:8      | Reached skill level 5 in Dodging
  9478 | D:8      | Found a shadowy altar of Dithmenos.
  9692 | D:8      | Found a snail-covered altar of Cheibriados.
  9812 | D:8      | Found an ornate altar of the Wu Jian Council.
 10028 | D:9      | Found a staircase to the Lair.
 10078 | D:9      | Mangled by an orc warrior

Vault maps used:
D:1:      mrwooster_arrival_statue_2
D:2:      nicolae_overflow_hidden_temple, lemuel_coloured_pillars_altar,
          kennysheep_pointless_box, uniq_sigmund, uniq_robin
D:3:      gammafunk_temple_overflow_pools
D:4:      minmay_temple_entry_glassed_door, first_ration, uniq_edmund,
          uniq_eustachio
D:5:      serial_shops, kennysheep_mini_moat, shop, shop, shop_statue,
          nicolae_shop_crystal
D:6:      gup_sewer_entry_bowl, nrook_mini_backslash, minmay_door_square
D:7:      black_bear_nest_2, led_sif_pool, uniq_harold, uniq_prince_ribbit1,
          uniq_crazy_yiuf_cottage
D:8:      kennysheep_mini, nicolae_dithmenos_the_darkroom, lemuel_doored_altar,
          david_nohive_1, serial_bayou_crossing
D:9:      kennysheep_little_box, dpeg_oklobed_lair
Temple:   hc_temple_tempest_star
Sewer:    sewer_fruit_machine

Skill      XL: |  1  2  3  4  5  6  7  8  9 10 |
---------------+-------------------------------+-----
Armour         | 3 4 |  4.7
Axes           | 2 3 4 5 7 9 |  9.6
Shields        | 3 4 5 6 |  6.6
Dodging        | 1 2 4 5 |  5.3
Fighting       | 4 5 6 |  6.6
Stealth        | 1 2 |  2.3

Action                   |  1- 3 |  4- 6 |  7- 9 | 10-12 || total
-------------------------+-------+-------+-------+-------++-------
Melee: War axe           |    72 |   210 |   278 |   146 ||   706
       Kick              |     3 |    52 |       |       ||    55
       Hand axe          |       |       |   126 |       ||   126
  Use: Potion            |       |     3 |     2 |     2 ||     7
       Scroll            |       |       |     8 |       ||     8
 Stab: Sleeping          |       |       |       |     1 ||     1
  Eat: Chunk             |       |     9 |    17 |     2 ||    28
       Ration            |       |       |       |     1 ||     1
Armor: Scale mail        |    50 |   110 |     4 |       ||   164
       Leather armour    |       |       |   118 |    55 ||   173
Dodge: Dodged            |    23 |    76 |   179 |   116 ||   394
Block: Shield            |    45 |   127 |   226 |   115 ||   513

Table legend:
 A = Non-vault XP
 B = Vault XP
 C = Vault XP percentage of total XP
 D = Non-vault monster count
 E = Vault monster count
 F = Vault count percentage of total count
                 A         B        C        D         E       F
            +---------+---------+-------+---------+---------+-------
      Total |    4662 |    3190 |  40.6 |     204 |      58 |  22.1
            +---------+---------+-------+---------+---------+-------
        D:1 |      44 |       0 |   0.0 |      19 |       0 |   0.0
        D:2 |     132 |     242 |  64.7 |      34 |      12 |  26.1
        D:3 |     157 |       0 |   0.0 |      35 |       0 |   0.0
        D:4 |     412 |     348 |  45.8 |      23 |       2 |   8.0
        D:5 |     463 |       0 |   0.0 |      20 |       0 |   0.0
        D:6 |     751 |       5 |   0.7 |      26 |       3 |  10.3
        D:7 |    1537 |    1778 |  53.6 |      20 |       9 |  31.0
        D:8 |    1078 |     734 |  40.5 |      23 |       8 |  25.8
        D:9 |      88 |       0 |   0.0 |       4 |       0 |   0.0
      Sewer |       0 |      83 | 100.0 |       0 |      24 | 100.0
            +---------+---------+-------+---------+---------+-------
